cohdb
Replays
Latest Replays
All Replays
Popular Replays
Top Player Replays
Match Explorer
How It Works
Community
CoH3 Stats
Reddit
Sign in to upload your games and track your stats! →
Sign in with Steam
Match 44735849
Unlisted
Match 44735849
Overview
Messages
Build Orders
End
Construct Weapon Support Center
M1919 Machine Gun Team
Engineer Squad
M1919 Machine Gun Team
Mechanized Support Center
M1919 Machine Gun Team
M3 Armored Personnel Carrier
M3 Armored Personnel Carrier
Construct Motor Pool
M3 Armored Personnel Carrier
M8 Greyhound Armored Car
Designate Forward Repair Station
Engineer Squad
M1 Anti-tank Gun Team
Construct Tank Depot
Selects Armored Battlegroup
Selects Assault Engineers
Selects M31 Recovery Vehicle
Bazooka Squad
M1 Anti-tank Gun Team
Selects War Machine
Selects Strength in Steel
Selects Seek and Destroy
Selects UNKNOWN (2160077)
M18 Hellcat Tank Destroyer
Graouw
|||||||||||||||||||||||||
Exf
Gravey
Synthoras
来吃鱼啊
sPriNg
7k this year for sure
0
0
Comments
sign in to comment!
No comments posted yet!